Map: Ley Lines

Players

ManlyManMeat

  • Race: Zerg Zerg
  • League: Diamond
  • Spawn Location: 1:00

Rookie - Winner!

  • Race: Terran Terran
  • League: Master
  • Spawn Location: 7:00

VOD

Have the link to the VOD?

Description

Time

  • Played on: July 5, 2025, 10:03 a.m.
  • Length: 13:24
Show
View Real Time Build Order
Export as new Build Order

ManlyManMeat Zerg 

Build Orders: Hatch First 

Get SALT Encoding   

  12  0:01  Drone  
  13  0:10  Drone  
  14  0:15  Extractor  
  14  0:16  Drone  
  15  0:22  Overlord  
  15  0:42  Drone  
  16  0:47  Hatchery  
  15  0:50  Drone  
  15  0:54  Drone  
  17  0:58  Drone  
  18  1:09  Extractor  
  17  1:13  Spawning Pool  
  17  1:16  Drone  
  17  1:24  Drone  
  18  1:27  Drone  
  19  1:41  Drone  
  20  2:03  Zergling x4  
  20  2:04  Queen x2  
  20  2:05  Overlord  
  26  2:10  Metabolic Boost  
  26  2:15  Zergling x2  
  27  2:16  Zergling x2  
  28  2:34  Drone x3  
  28  2:35  Drone  
  32  2:50  Drone x2  
  34  3:03  Drone, Hatchery  
  34  3:04  Drone  
  34  3:05  Overlord  
  35  3:08  Overlord  
  35  3:26  Drone  
  36  3:27  Drone  
  36  3:28  Drone x3  
  40  3:38  Drone x2  
  42  3:44  Drone  
  43  3:50  Overlord  
  43  4:02  Overlord  
  43  4:03  Overlord  
  43  4:08  Queen  
  43  4:09  Queen  
  47  4:12  Drone  
  47  4:13  Baneling Nest  
  47  4:15  Zergling x10, Hatchery  
  50  4:29  Drone x2  
  50  4:30  Drone, Roach Warren, Extractor  
  51  4:34  Zergling x10  
  56  4:50  Zergling x14  
  53  5:15  Zergling x16  
  53  5:17  Baneling x5  
  53  5:18  Baneling x3  
  53  5:21  Drone  
  62  5:27  Queen  
  57  5:57  Drone x2  
  57  5:58  Drone x4  
  57  6:00  Lair  
  57  6:02  Evolution Chamber  
  57  6:04  Evolution Chamber  
  59  6:23  Baneling x9  
  59  6:24  Zergling x16  
  67  6:26  Overlord x7  
  67  6:38  Zerg Melee Weapons Level 1  
  66  6:41  Drone x3, Extractor  
  66  6:42  Drone x2, Extractor  
  66  6:43  Drone  
  66  6:44  Drone x2, Overlord  
  63  7:03  Zergling x16  
  63  7:06  Infestation Pit  
  70  7:21  Zergling x14  
  77  7:25  Baneling x11  
  77  7:31  Baneling x2  
  77  7:32  Zergling x10  
  73  8:01  Infestor  
  73  8:02  Infestor  
  73  8:03  Zergling x8  
  81  8:13  Zergling x12  
  81  8:17  Hatchery  
  86  8:21  Hatchery  
  85  8:29  Drone x10  
  85  8:34  Overseer  
  95  8:36  Infestor  
  96  8:55  Baneling x3  
  95  8:56  Zergling x4, Overlord x2  
  95  8:57  Overlord  
  97  9:08  Zergling x4  
  97  9:09  Zergling x4, Zerg Melee Weapons Level 2  
  101  9:10  Zerg Ground Armor Level 1  
  101  9:18  Zergling x8  
  101  9:19  Zergling x12  
  111  9:27  Baneling  
  111  9:28  Baneling x5  
  90  10:01  Zergling x24  
  90  10:02  Zergling x20  
  104  10:08  Zergling x14  
  101  10:27  Zergling x18  
  101  10:28  Zergling x4  
  112  10:31  Queen  
  110  10:42  Baneling x11  
  108  10:48  Centrifugal Hooks  
  108  10:53  Baneling x5  
  84  11:12  Zergling x40  
  84  11:13  Zergling x8  
  84  11:18  Zergling x8  
  89  11:33  Zergling x28  
  89  11:39  Baneling x2  
  102  11:40  Baneling x8  
  102  11:41  Baneling x5  
  98  11:49  Zergling x12  
  76  12:03  Zergling x2  
  76  12:04  Zergling x22  
  68  12:15  Zergling x2  
  68  12:16  Zergling x8  
  55  12:24  Zergling x12  
  57  12:32  Zergling x6  
  51  12:38  Zergling x2  
  45  12:45  Zergling x8  
  45  12:46  Queen  
  41  12:53  Baneling x2  
  41  12:55  Baneling x2  
  30  13:00  Baneling x3  
  30  13:01  Baneling x2  
Show
View Real Time Build Order
Export as new Build Order

Rookie Terran - Winner!

Build Orders:  

Get SALT Encoding   

  12  0:00  SCV  
  13  0:12  SCV  
  14  0:16  Supply Depot  
  14  0:24  SCV  
  15  0:38  SCV  
  15  0:40  Barracks  
  16  0:50  SCV  
  17  1:02  SCV  
  18  1:14  SCV  
  19  1:18  Command Center  
  19  1:27  Orbital Command  
  19  1:30  Marine  
  20  1:35  Supply Depot  
  20  1:48  Marine  
  20  1:54  Barracks  
  21  1:57  SCV  
  22  2:04  Barracks  
  22  2:08  Marine  
  22  2:11  SCV  
  24  2:19  Supply Depot  
  24  2:24  Barracks  
  24  2:25  SCV  
  24  2:26  Marine  
  26  2:32  Orbital Command  
  25  2:44  Marine  
  25  2:46  Marine  
  27  2:57  Barracks  
  27  3:01  SCV x2  
  27  3:02  Marine  
  27  3:04  Supply Depot, Marine  
  31  3:13  SCV x2  
  33  3:20  Marine  
  33  3:22  Marine  
  33  3:25  SCV  
  36  3:27  Marine  
  36  3:31  Supply Depot  
  36  3:32  Marine, SCV  
  39  3:37  Marine, SCV  
  39  3:39  Marine  
  39  3:40  Supply Depot  
  42  3:44  Marine, SCV  
  42  3:45  Marine  
  45  3:49  SCV  
  45  3:50  Marine  
  45  3:52  Supply Depot  
  45  3:55  Marine  
  47  3:56  SCV  
  47  3:57  Marine  
  47  4:00  Barracks  
  47  4:02  Marine, SCV  
  52  4:03  Marine  
  52  4:08  Marine  
  54  4:13  Marine  
  54  4:15  Marine  
  54  4:16  Barracks x2  
  56  4:20  Marine, SCV  
  56  4:21  Marine, SCV  
  60  4:26  Marine  
  61  4:37  Marine x2  
  61  4:38  Command Center, Marine  
  64  4:39  SCV  
  65  4:48  Marine x3  
  61  4:55  Marine  
  61  4:56  Marine x2  
  61  4:57  SCV  
  61  4:58  SCV  
  60  5:04  Marine x2  
  60  5:06  Marine x3  
  65  5:10  SCV x2  
  65  5:11  Barracks  
  65  5:13  Barracks  
  67  5:15  Supply Depot  
  67  5:17  Marine x2  
  69  5:21  Supply Depot  
  69  5:22  Supply Depot, SCV  
  69  5:25  Marine x2  
  69  5:26  Marine x2  
  74  5:29  Marine x2  
  76  5:38  Marine  
  76  5:39  Marine  
  77  5:43  Marine x2  
  77  5:44  Marine x2  
  77  5:47  Marine  
  77  5:48  Marine  
  68  5:56  Marine  
  69  5:57  Marine  
  69  6:01  Marine x3  
  69  6:02  Marine  
  74  6:05  Orbital Command, Marine x2  
  74  6:08  Marine  
  74  6:09  Marine  
  78  6:14  Marine x2  
  78  6:15  Bunker  
  80  6:19  Marine x2  
  80  6:20  Supply Depot x2  
  80  6:21  SCV x2  
  84  6:33  SCV  
  84  6:37  Marine x2  
  84  6:38  Marine x8  
  95  6:41  SCV  
  95  6:42  SCV  
  95  6:45  SCV  
  98  6:49  Supply Depot  
  98  6:53  SCV  
  99  6:54  SCV  
  99  6:55  Marine x3  
  99  6:57  SCV  
  103  7:05  SCV  
  103  7:06  SCV  
  103  7:08  Marine x7  
  104  7:10  SCV  
  104  7:13  Marine x3  
  104  7:15  Refinery  
  114  7:16  Refinery  
  114  7:17  Refinery, SCV  
  114  7:18  Refinery, SCV  
  114  7:22  SCV  
  117  7:25  Marine  
  117  7:26  Marine x3  
  117  7:29  SCV  
  122  7:31  SCV  
  122  7:34  SCV  
  124  7:41  Marine x6, SCV  
  124  7:43  Marine  
  124  7:44  Marine x3  
  132  7:49  Engineering Bay  
  86  7:59  Marine x5  
  86  8:01  Marine x2  
  86  8:02  Marine  
  86  8:05  Command Center  
  96  8:09  Supply Depot  
  96  8:11  Barracks Tech Lab x2  
  94  8:15  Terran Infantry Weapons Level 1  
  94  8:19  SCV x3  
  97  8:24  Factory  
  97  8:25  Refinery x2  
  97  8:31  SCV  
  97  8:32  Marine x10  
  108  8:35  Stimpack, Combat Shield  
  108  8:49  Marine  
  108  8:50  Marine x6  
  115  9:04  Marine x3  
  115  9:07  Marine  
  115  9:08  Marine x6, Engineering Bay  
  115  9:09  Factory Tech Lab  
  125  9:10  Factory Reactor, Starport  
  125  9:14  SCV x3  
  128  9:22  Marine x2  
  130  9:26  SCV x2  
  132  9:36  Marine  
  132  9:37  Marine x7  
  139  9:38  Supply Depot  
  139  9:40  Marine x2  
  122  9:54  Marine x4  
  122  9:55  Marine x4  
  122  9:57  Marine x2  
  115  10:08  Terran Infantry Armor Level 1  
  115  10:10  SCV x2  
  115  10:12  Marine x7  
  124  10:22  SCV  
  124  10:23  Marine  
  124  10:24  Medivac x2  
  124  10:27  Factory Reactor  
  130  10:34  SCV  
  130  10:35  SCV  
  132  10:44  Marine  
  132  10:45  Marine x8  
  141  11:00  Marine, SCV  
  141  11:10  Marine x2  
  141  11:12  Marine x2  
  141  11:13  Marine  
  141  11:15  Marine  
  141  11:22  Supply Depot  
  141  11:25  Orbital Command  
  141  11:41  Supply Depot  
  141  11:42  Supply Depot  
  141  11:43  Supply Depot  
  141  11:44  Marine x8  
  149  11:53  Marine  
  149  11:54  Marine  
  116  12:02  Marine x8  
  115  12:11  Marine  
  115  12:12  Marine  
  116  12:19  Marine x5  
  116  12:20  Marine x3  
  123  12:24  Armory  
  123  12:25  Medivac x2  
  123  12:26  Widow Mine x2  
  123  12:29  Marine  
  132  12:30  Command Center, Marine  
  129  12:37  Marine x8  
  136  12:47  Marine x2  
  138  12:55  Marine x8  
  138  12:56  Barracks  
  138  12:57  Barracks  
  146  13:00  Barracks x2  
  146  13:02  Widow Mine x2  
  146  13:04  Marine  
  146  13:05  Marine  
Tags
 
Matchup
TvZ
Replay Pack
Myownreplay2
Spawn Locations
Cross Positions
Add a new tag
Caveats
  • Supply blocks, unpowered buildings, or Contaminate may cause inaccurate times.
  • Supply counts are checked every 10 seconds.